AoeStats
← |GaoeG| flamingo

Arena

510348164Analyzed
3v3 RM · 9h ago on Sep 30, 2026· 58m 48s· 6 players
Game mode
Random Map
Map size
Normal (6 player)
Population
200
Speed
Normal
Resources
Standard
Victory
Conquest
Starting age
Dark Age
Ending age
Imperial Age
RankedLock teamsTeams togetherTeam positionsShared explorationLock speedFull tech treeHidden civsTurbo modeCheats
Victory
Defeat
🇪🇸 Spanish · Spain
1257
+11
🇪🇸 Persians · Spain
1130
+16
🇪🇸 Franks · Spain
978
+22
🇭🇰 Varangians · Hong Kong SAR China
1185
-19
🇹🇼 Byzantines · Taiwan
1179
-18
🇭🇰 Danes · Hong Kong SAR China
1011
-12
|GaoeG| flamingo
11:04 Feudal Age
11:38 Feudal Age
13:05 Double-Bit Axe
15:34 Castle Age
13:22 Horse Collar
16:48 Bow Saw
16:40 Heavy Plow
22:53 Loom
23:44 Wheelbarrow
27:02 Hand Cart
29:37 Imperial Age
28:04 Scale Barding Armor
28:10 Forging
28:26 Stone Mining
28:28 Gold Mining
28:34 Gold Mining
29:17 Bloodlines
29:08 Husbandry
29:33 Chain Barding Armor
30:31 Iron Casting
29:43 Cavalier
31:10 Plate Barding Armor
31:03 Conscription
32:04 Iron Casting
32:28 Paladin
35:37 Blast Furnace
35:53 Padded Archer Armor
36:59 Chemistry
38:22 Leather Archer Armor
41:30 Ring Archer Armor
53:13 Supremacy
|GaoeG| Ratarax
12:08 Feudal Age
15:54 Castle Age
14:24 Double-Bit Axe
14:22 Horse Collar
18:07 Wheelbarrow
21:37 Bow Saw
23:58 Stone Mining
24:01 Gold Mining
26:01 Hand Cart
25:33 Loom
30:22 Imperial Age
28:54 Gold Shaft Mining
28:35 Scale Barding Armor
29:35 Stone Shaft Mining
30:35 Husbandry
31:06 Chain Barding Armor
30:57 Heavy Plow
33:01 Two-Man Saw
32:42 Crop Rotation
33:59 Forging
34:31 Plate Barding Armor
35:11 Conscription
37:02 Citadels
38:54 Elite War Elephant
40:13 Kamandaran
40:13 Crossbowman
40:59 Thumb Ring
42:19 Hoardings
43:31 Iron Casting
42:46 Fletching
42:57 Padded Archer Armor
44:03 Chemistry
43:29 Ballistics
45:25 Blast Furnace
44:30 Padded Archer Armor
50:19 Bodkin Arrow
50:39 Leather Archer Armor
52:36 Ring Archer Armor
55:19 Caravan
claran33
11:21 Feudal Age
16:52 Castle Age
16:39 Gold Mining
18:29 Stone Mining
19:14 Double-Bit Axe
20:08 Wheelbarrow
20:37 Bow Saw
22:39 Hand Cart
25:07 Gold Shaft Mining
25:07 Scale Barding Armor
25:12 Forging
26:09 Husbandry
28:49 Chain Barding Armor
30:19 Iron Casting
30:39 Pikeman
34:32 Imperial Age
34:39 Cavalier
36:48 Blast Furnace
36:23 Plate Barding Armor
36:24 Paladin
41:15 Caravan
KuPanda
10:04 Feudal Age
14:02 Castle Age
12:12 Double-Bit Axe
12:13 Horse Collar
17:43 Wheelbarrow
18:47 Bow Saw
22:01 Loom
23:14 Hand Cart
23:08 Heavy Plow
23:49 Stone Mining
23:50 Gold Mining
24:00 Town Watch
26:51 Scale Barding Armor
30:03 Imperial Age
28:57 Stone Shaft Mining
29:23 Town Patrol
31:07 Chain Barding Armor
30:58 Forging
31:33 Crop Rotation
31:37 Conscription
30:49 Elite Jarl
32:58 Two-Man Saw
32:23 Husbandry
32:33 Bloodlines
33:51 Plate Barding Armor
35:39 Chemistry
35:00 Ballistics
34:23 Treadmill Crane
35:23 Iron Casting
37:21 Blast Furnace
40:48 Coinage
41:13 Siege Engineers
41:18 Fortified Wall
41:19 Masonry
41:23 Gothikon
42:05 Scale Mail Armor
41:56 Fletching
42:48 Banking
43:36 Murder Holes
44:11 Architecture
46:43 Bodkin Arrow
49:09 Squires
48:29 Elite Varangian Guard
48:55 Arson
50:03 Bracer
50:04 Padded Archer Armor
Mayho
12:30 Feudal Age
16:42 Castle Age
15:38 Stone Mining
15:48 Double-Bit Axe
15:46 Horse Collar
17:57 Loom
18:51 Wheelbarrow
32:43 Imperial Age
30:39 Hand Cart
31:54 Gold Mining
32:39 Stone Shaft Mining
33:32 Gold Shaft Mining
33:51 Conscription
34:00 Bow Saw
33:54 Heavy Plow
33:56 Onager
36:31 Forging
36:23 Scale Mail Armor
36:50 Fletching
39:01 Pikeman
40:07 Halberdier
41:11 Bodkin Arrow
43:45 Squires
45:48 Gambesons
48:06 Siege Onager
50:30 Siege Engineers
夕海真雪
11:00 Feudal Age
12:12 Double-Bit Axe
14:55 Castle Age
14:41 Loom
16:03 Bow Saw
15:38 Horse Collar
22:15 Elite Skirmisher
24:46 Wheelbarrow
24:37 Fletching
26:04 Hand Cart
26:59 Heavy Plow
29:52 Gold Mining
31:07 Thumb Ring
31:00 Bodkin Arrow
31:06 Padded Archer Armor
35:03 Imperial Age
33:54 Scale Barding Armor
33:59 Forging
35:36 Chain Barding Armor
36:23 Iron Casting
35:13 Heavy Camel Rider
35:54 Husbandry
38:51 Chemistry
38:04 Fortified Wall
38:37 Plate Barding Armor
40:08 Gold Shaft Mining
39:29 Stone Mining
43:15 Arrowslits
47:59 Ballistics
47:21 Treadmill Crane
49:08 Bracer
49:23 Leather Archer Armor
53:04 Crop Rotation
53:45 Two-Man Saw
53:23 Pikeman
54:04 Squires
53:50 Arson
55:24 Squires
55:40 Gambesons
58:10 Halberdier
Connection lost

Rejoining the realm…

Still unreachable

The connection could not be restored.

Session expired

The server has moved on; the page needs a fresh start.